 Dungeon Crawl Stone Soup version 0.28.0 (webtiles) character file.

Game seed: 1022516545140480928

597 blackman the Cleaver (level 7, -3/46 HPs)
             Began as a Human Monk on Feb 6, 2022.
             Was an Elder of Hepliaklqana.
             Succumbed to a gnoll sergeant's poison
             ... on level 5 of the Dungeon.
             The game lasted 00:18:04 (6164 turns).

blackman the Cleaver (Human Monk)                   Turns: 6164, Time: 00:18:04

Health: -3/46      AC: 14    Str: 13    XL:     7   Next: 68%
Magic:  7/7        EV:  6    Int: 11    God:    Hepliaklqana [****..]
Gold:   240        SH:  0    Dex: 19    Spells: 6/6 levels left

rFire   . . .      SeeInvis +   a - +0 hand axe
rCold   . . .      Faith    .   (no shield)
rNeg    . . .      Spirit   .   u - +1 chain mail "Earthly Heaven" {Dex+4}
rPois   .          Reflect  .   (no helmet)
rElec   .          Harm     .   (no cloak)
rCorr   .          Rampage  .   (no gloves)
Will    .....                   i - +0 pair of boots
Stlth   ..........              (no amulet)
HPRegen 0.15/turn               j - +4 ring of protection
MPRegen 0.10/turn               h - ring of see invisible

@: lethally poisoned (-3 -> -28)
A: reduced essence
a: Renounce Religion, Recall Ancestor, Ancestor Identity, Transference, Idealise


You were on level 5 of the Dungeon.
You worshipped Hepliaklqana.
Hepliaklqana was greatly pleased with you.
You visited 1 branch of the dungeon, and saw 5 of its levels.

You collected 240 gold pieces.

Inventory:

Hand Weapons
 a - a +0 hand axe (weapon)
Armour
 b - a +0 robe
 i - a +0 pair of boots (worn)
 k - a +0 chain mail
 u - the +1 chain mail "Earthly Heaven" (worn) {Dex+4}
   (You found it on level 4 of the Dungeon)

   Dex:       It affects your dexterity (+4).
Jewellery
 h - a ring of see invisible (right hand)
 j - a +4 ring of protection (left hand)
Wands
 f - a wand of polymorph (3)
 n - a wand of iceblast (5)
Scrolls
 c - 2 scrolls of teleportation
 e - 4 scrolls of identify
 g - 2 scrolls of enchant weapon
 p - a scroll of immolation {unknown}
 q - a scroll of blinking {unknown}
 r - a scroll of summoning {unknown}
Potions
 d - a potion of magic
 l - a potion of ambrosia {unknown}
 m - a potion of mutation {unknown}
 o - a potion of haste {unknown}
 t - a potion of berserk rage {unknown}


   Skills:
 - Level 3.0 Fighting
 + Level 8.3 Axes
 - Level 3.0 Dodging
 - Level 2.0 Stealth


You had 6 spell levels left.
You didn't know any spells.
Your spell library contained the following spells:

 Spells                   Type           Power      Damage    Failure   Level
 Summon Small Mammal      Summ           0%         N/A       100%        1
 Sublimation of Blood     Necr           0%         N/A       100%        2
 Wereblood                Tmut           0%         N/A       100%        2
 Call Canine Familiar     Summ           0%         N/A       100%        3
 Summon Guardian Golem    Hex/Summ       0%         N/A       100%        3
 Summon Hydra             Summ           0%         N/A       100%        7


Dungeon Overview and Level Annotations

Branches:
Dungeon (5/15)
 Temple: D:4-7

Altars:
Hepliaklqana
Xom


Message History

The gnoll sergeant hits you but does no damage.
You are poisoned.
The quokka misses Hyperbolaion.
You feel very sick.
Hyperbolaion hits the gnoll sergeant with a +0 dagger of draining.
Hyperbolaion drains the gnoll sergeant.
The quokka bites Hyperbolaion but does no damage.
The gnoll sergeant hits you but does no damage.
You are more poisoned.
You see here a +0 club.
You hit the gnoll sergeant but do no damage.
The gnoll sergeant is moderately wounded.
You feel very sick.
An adder comes into view.
The quokka bites Hyperbolaion.
Hyperbolaion hits the quokka with a +0 dagger of draining.
Hyperbolaion drains the quokka.
The quokka dies!
The gnoll sergeant hits you with a +2 spear of venom!
You are more poisoned.
You hit the gnoll sergeant but do no damage.
The gnoll sergeant is moderately wounded.
You feel very sick.
Hyperbolaion hits the gnoll sergeant with a +0 dagger of draining.
The gnoll sergeant hits you with a +2 spear of venom.
You hit the gnoll sergeant but do no damage.
The gnoll sergeant is heavily wounded.
You miss the adder.
You feel very sick. The adder bites you but does no damage.
Hyperbolaion barely misses the gnoll sergeant.
* * * LOW HITPOINT WARNING * * *
You feel very sick.
The gnoll sergeant hits you from afar with a +2 spear of venom!
* * * LOW HITPOINT WARNING * * *
You are more poisoned.
Hyperbolaion hits the gnoll sergeant with a +0 dagger of draining.
Hyperbolaion drains the gnoll sergeant.
There is a stone staircase leading up, spattered with blood here.
You die...

#####. ...#.. ......# #
....... ##.#### ....
#......##..:h... .....
#......## ###### ...#
##....g..###...o##.o.##
#..##.SR#.#.#....#.....
#...).@...#.)..........
#............#........##
##..........#...#.......
#.##..#.....##.##...#.##
. #..#..#.(##.##...###
#.....##.....##...###
#.#....#.............
..#..................
..#................


You could see the friendly Hyperbolaion the hexer, a gnoll sergeant (drained,
ally target) and an adder.

Vanquished Creatures
  Sigmund (D:2)
  A howler monkey (D:4)
  A bullfrog zombie (D:5)
  A hound (D:4)
  6 adders
  3 worms (D:2)
  6 orcs
  10 endoplasms
  3 giant cockroaches
  5 goblins
  4 hobgoblins
  5 jackals
  2 quokkas
  12 ball pythons
  3 bats
  3 frilled lizards
  6 kobolds
  9 rats
81 creatures vanquished.

Vanquished Creatures (collateral kills)
  A scorpion (D:5)
  An orc wizard (D:4)
  5 gnolls (D:5)
  An ufetubus (D:4)
  2 adder skeletons (D:4)
  A worm (D:4)
  3 dart slugs
  4 orcs
  2 endoplasms
  2 giant cockroaches
  2 hobgoblins
  3 jackals (D:4)
  2 kobolds
  A quokka (D:5)
  A ball python (D:2)
  A frilled lizard (D:3)
  2 rats
34 creatures vanquished.

Vanquished Creatures (others)
  2 hexers
  A plant (D:1)
3 creatures vanquished.

Grand Total: 118 creatures vanquished

Notes
Turn   | Place    | Note
-------+----------+-------------------------------------------
     0 | D:1      | blackman the Human Monk began the quest for the Orb.
     0 | D:1      | Reached XP level 1. HP: 18/18 MP: 1/1
   493 | D:1      | Reached XP level 2. HP: 24/24 MP: 2/2
   827 | D:1      | Reached skill level 4 in Axes
   827 | D:1      | Reached XP level 3. HP: 29/29 MP: 3/3
  1094 | D:1      | Found a faded altar of an unknown god.
  1099 | D:1      | Prayed at the altar of an unknown god.
  1099 | D:1      | Became a worshipper of Hepliaklqana the Forgotten
  1099 | D:1      | Reached * piety under Hepliaklqana
  1099 | D:1      | Reached ** piety under Hepliaklqana
  1100 | D:1      | Remembered your ancestor Hyperbolaion as a hexer
  1303 | D:1      | Found a shimmering altar of Xom.
  1380 | D:1      | HP: 1/26 [rat (3)]
  1814 | D:1      | Reached *** piety under Hepliaklqana
  2361 | D:2      | Reached XP level 4. HP: 23/31 MP: 4/4
  2606 | D:2      | Found a hazy altar of Hepliaklqana.
  2819 | D:2      | Reached skill level 5 in Axes
  3038 | D:2      | Noticed Sigmund
  3059 | D:2      | Killed Sigmund
  3060 | D:2      | Reached skill level 6 in Axes
  3060 | D:2      | Reached XP level 5. HP: 36/36 MP: 5/5
  3060 | D:2      | Reached XP level 6. HP: 42/42 MP: 6/6
  4093 | D:4      | Reached skill level 7 in Axes
  4247 | D:4      | Reached **** piety under Hepliaklqana
  4626 | D:4      | Identified the +1 chain mail "Earthly Heaven" {Dex+4}
  4768 | D:5      | Entered Level 5 of the Dungeon
  4874 | D:5      | Reached XP level 7. HP: 43/46 MP: 7/7
  4905 | D:4      | HP: 2/46 [gnoll sergeant (1)]
  5273 | D:5      | Noticed a yak
  5506 | D:5      | Reached skill level 8 in Axes
  6163 | D:5      | HP: 2/46 [gnoll sergeant (11)]
  6164 | D:5      | Succumbed to a gnoll sergeant's poison

Illustrated notes

Levels and vault maps discovered:
D:1:      kilobyte_arrival_exit_the_forest, layout_basic,
          shapermc_ecumenical_altar_petra, minmay_hexomino_r4
D:2:      minmay_evil_eye, layout_loops_cross, basic_altar,
          ebering_dispersal_statue_hall, uniq_sigmund
D:3:      minmay_wonky_spiral, layout_rooms, chequers_jeans
D:4:      layout_basic, hangedman_decor_lopped
D:5:      layout_cave_pools, temple_doors_e, serial_shops, shop_statue, shop,
          skrybe_limestone_x, minmay_manual_monstrance

Skill      XL: |  1  2  3  4  5  6  7 |
---------------+----------------------+-----
Axes           | 4 6 7 8 |  8.3
Fighting       | |  3.0
Dodging        | |  3.0
Stealth        | |  2.0

Action                   |  1- 3 |  4- 6 |  7- 9 || total
-------------------------+-------+-------+-------++-------
Melee: Hand axe          |   108 |   171 |    50 ||   329
       Punch             |     1 |     1 |     1 ||     3
       Unarmed           |       |     8 |       ||     8
Invok: Recall Ancestor   |     1 |       |       ||     1
       Ancestor Life: He |     1 |       |       ||     1
       Ancestor Identity |     1 |       |       ||     1
Evoke: Wand              |       |       |     2 ||     2
  Use: Potion            |     1 |     1 |     1 ||     3
       Scroll            |       |       |     2 ||     2
 Stab: Sleeping          |     4 |       |       ||     4
       Confused          |     1 |     7 |       ||     8
       Distracted        |       |     1 |       ||     1
Armor: Robe              |    21 |       |       ||    21
       Chain mail        |     6 |    96 |    54 ||   156
       Skin              |       |     1 |       ||     1
Dodge: Dodged            |    74 |    50 |    23 ||   147
